 Dungeon Crawl Stone Soup version 0.29-a0-789-g7a8fcbc185 (webtiles) character file.

Game seed: 1586548042558891525

14 dolemite99 the Twirler (level 2, -2/25 HPs)
             Began as a Minotaur Gladiator on July 3, 2022.
             Slain by a kobold
             ... wielding a +2 dagger of venom
              (4 damage)
             ... on level 1 of the Dungeon.
             The game lasted 00:00:28 (447 turns).

dolemite99 the Twirler (Minotaur Gladiator)          Turns: 447, Time: 00:00:29

Health: -2/25      AC:  5    Str: 18    XL:     2   Next: 27%
Magic:  1/1        EV: 11    Int:  5    God:
Gold:   127        SH:  0    Dex: 11    Spells: 1/1 levels left

rFire   + . .      SeeInvis .   a - +0 quarterstaff
rCold   . . .      Faith    .   (shield currently unavailable)
rNeg    . . .      Spirit   .   i - +0 ring mail {Will+}
rPois   .          Reflect  .   c - +0 hat
rElec   .          Harm     .   (no cloak)
rCorr   .          Rampage  .   (no gloves)
Will    +....                   (no boots)
Stlth   +.........              (no amulet)
HPRegen 0.08/turn               g - ring of protection from fire
MPRegen 0.07/turn               (no ring)

@: lethally poisoned (-2 -> -18)
A: horns 2, retaliatory headbutt
a: no special abilities


You were on level 1 of the Dungeon.
You visited 1 branch of the dungeon, and saw 1 of its levels.

You collected 127 gold pieces.

Inventory:

Hand Weapons
 a - a +0 quarterstaff (weapon)
Missiles
 d - 3 throwing nets (quivered)
 e - a javelin
Armour
 b - a +0 leather armour
 c - a +0 hat (worn)
 i - a +0 ring mail of willpower (worn)
Jewellery
 g - a ring of protection from fire (left hand)
Scrolls
 f - a scroll of amnesia {unknown}
 h - 2 scrolls of vulnerability {unknown}
 j - a scroll of poison {unknown}


   Skills:
 - Level 2.4 Fighting
 + Level 4.5 Staves
 - Level 2.0 Throwing
 - Level 3.2 Dodging


You had one spell level left.
You didn't know any spells.
Your spell library contained the following spells:

 Spells                   Type           Power      Damage    Failure   Level
 Fireball                 Conj/Fire      0%         3d3       100%        5
 Starburst                Conj/Fire      0%         6d3       100%        6
 Ignition                 Fire           0%         3d3       100%        8


Dungeon Overview and Level Annotations

Branches:
Dungeon (1/15)

Altars:


Innate Abilities, Weirdness & Mutations

You have a pair of horns on your head.
You reflexively headbutt those who attack you in melee.


Message History

You now have 127 gold pieces (gained 7).
j - a scroll labelled AMUGURPH YDUJE You see here a bat corpse.
There is an open door here.
Key pressed, stopping explore.
No target in view!
You open the door.
A kobold comes into view. It is wielding a +2 dagger of venom.
The kobold moves out of view.
No target in view!
The kobold hits you but does no damage.
You are poisoned.
There is an open door here.
A kobold is nearby!
You closely miss the kobold.
You feel sick. The kobold hits you but does no damage.
You closely miss the kobold. Your headbutt misses the kobold.
You feel sick. The kobold closely misses you.
You barely miss the kobold.
You feel sick.
The kobold hits you with a +2 dagger of venom.
You are more poisoned.
You closely miss the kobold.
You feel very sick. The kobold hits you but does no damage.
You are lethally poisoned!
You are too injured to fight recklessly!
You closely miss the kobold. Your headbutt misses the kobold.
You feel very sick.
The kobold hits you with a +2 dagger of venom.
* * * LOW HITPOINT WARNING * * *
You are more poisoned.
You are too injured to fight recklessly!
You are too injured to fight recklessly!
You aren't carrying any potions.
Unknown command.
You miss the kobold. Your headbutt misses the kobold.
* * * LOW HITPOINT WARNING * * *
You feel very sick.
The kobold hits you with a +2 dagger of venom.
You die...

........)...PPP##.###
...........##### .#
...........# .#
..#####....# .### ..#
#....######...# #.#
#รท...##...#...# #.#
#....##.#.#...# #.#
##....##.#.#...#
########### ..##
#..).....#.@K..#
#.......... #..#
#........###...#
#.####.#### ...#
#............#...#
#.......# .#.#
#........###.# #.#
#.#####.# ...#
#........# #.# #.#
#.#...#.# .#.#
#........###.###.#
#.#...#.# ...#
####..........##.+
#...<.#.# ...#
#....).....##.#
#.#...#.# ####
#>...).....##.#
#.#...#.#


You could see a kobold.

Vanquished Creatures
  2 ball pythons (D:1)
  An endoplasm (D:1)
  A goblin (D:1)
  A quokka (D:1)
  4 bats (D:1)
  2 kobolds (D:1)
  3 rats (D:1)
14 creatures vanquished.

Vanquished Creatures (others)
  2 fungi (D:1)
  4 toadstools (D:1)
6 creatures vanquished.

Grand Total: 20 creatures vanquished

Notes
Turn   | Place    | Note
-------+----------+-------------------------------------------
     0 | D:1      | dolemite99 the Minotaur Gladiator began the quest for the
                  | Orb.
     0 | D:1      | Reached XP level 1. HP: 18/18 MP: 0/0
   100 | D:1      | Reached skill level 4 in Staves
   268 | D:1      | Reached XP level 2. HP: 25/25 MP: 1/1
   447 | D:1      | Slain by a kobold

Illustrated notes

Levels and vault maps discovered:
D:1:      matt_arrival_refuge, layout_basic, minmay_misc_feat_five,
          minmay_gold_behind_fungi

Skill      XL: |  1 |
---------------+----+-----
Staves         | 4 |  4.5
Fighting       | |  2.4
Throwing       | |  2.0
Dodging        | |  3.2

Action                   || total
-------------------------++-------
Melee: Quarterstaff      ||    23
       Headbutt          ||     5
Armor: Leather armour    ||     2
       Ring mail         ||     7
Dodge: Dodged            ||    14

Table legend: (Time is in decaauts)
 A = Elapsed time spent in this place.
 B = Non-inter-level travel time spent in this place.
 C = Inter-level travel time spent in this place.
 D = Time resting spent in this place.
 E = Time spent auto-exploring this place.
 F = Levels seen in this place.
 G = Mean time per level.
                   A        B        C        D        E       F      G
               +--------+--------+--------+--------+--------+-----+--------+
         Total |    448 |    448 |      0 |      0 |    325 |   1 |  448.0 |
       Dungeon |    448 |    448 |      0 |      0 |    325 |   1 |  448.0 |
               +--------+--------+--------+--------+--------+-----+--------+

Top non-repeatable levels by time:
     D:1: 448 daAuts
